 Dungeon Sprint DCSS version 0.22-a0-373-gab1296c (webtiles) character file.

53 emperorscorpion the Gusty (level 3, -2/28 HPs)
             Began as a Deep Elf Air Elementalist on Apr 25, 2018.
             Killed from afar by an orc wizard (10 damage)
             ... with a magic dart
             ... in the Dungeon (Sprint IX: "|||||||||||||||||||||||||||||").
             The game lasted 00:00:35 (54 turns).

emperorscorpion the Gusty (Deep Elf Air Elementalist) Turns: 54, Time: 00:00:36

Health: -2/28      AC:  2    Str: 10    XL:     3   Next: 64%
Magic:  4/11       EV: 14    Int: 20    God:
Gold:   0          SH:  0    Dex: 15    Spells: 11/12 levels left

rFire    . . .     SeeInvis .   b - +0 dagger
rCold    . . .     Gourm    .   (no shield)
rNeg     . . .     Faith    .   a - +0 robe
rPois    .         Spirit   .   (no helmet)
rElec    .         Reflect  .   (no cloak)
rCorr    .         Harm     .   (no gloves)
MR       .....     NoTele   +   (no boots)
Stlth    ..........             (no amulet)
HPRegen  0.09/turn              (no ring)
MPRegen  0.12/turn              (no ring)

@: berserking, slowed
A: no striking features
a: no special abilities


You were in the Dungeon.
You were not hungry.

You visited 1 branch

Inventory:

Hand Weapons
 b - a +0 dagger (weapon)
Armour
 a - a +0 robe (worn)
Scrolls
 i - a scroll of blinking
Potions
 e - a potion of heal wounds
 f - a potion of haste
 g - 2 potions of magic
Comestibles
 c - a ration


   Skills:
 + Level 4.1 Dodging
 + Level 3.5 Stealth
 + Level 5.2 Spellcasting
 + Level 1.5 Conjurations
 + Level 6.0 Air Magic


You had 11 spell levels left.
You knew the following spells:

 Your Spells              Type           Power        Failure   Level  Hunger
a - Shock                 Conj/Air       ###.         2%          1    None


Dungeon Overview and Level Annotations

Branches:
Dungeon (1/1)

Altars:


Message History

A red film seems to cover your vision as you go berserk!
You feel yourself moving faster!
You feel mighty!
The orc wizard sings a few bars from the Orcish anthem.
The orc wizard mumbles some strange words.
The orc wizard blinks!
The orc wizard gestures at you while chanting.
You feel yourself slow down.
You feel a strong urge to attack something.
The orc wizard hits you with a dagger of flaming.
* * * LOW HITPOINT WARNING * * *
The orc wizard burns you.
* * * LOW HITPOINT WARNING * * *
There is an open door, spattered with blood here.
Things that are here:
an adder corpse x2
You barely miss the orc wizard.
The orc wizard is heavily wounded.
The orc wizard casts a spell at you. The magic dart hits you!
You die... ▓▓▓▓▓▓▓▓▓▓▓▓▓▓▓▓▓▓ ▓<...'..)o.@o....+ ▓▓▓▓▓▓▓▓▓▓▓▓▓▓▓▓▓▓

You could see 2 orc wizards.

Vanquished Creatures
  A jelly (D)
  2 adders (D)
  A bat (D)
  A goblin (D)
  A jackal (D)
  A kobold (D)
  A rat (D)
8 creatures vanquished.

Vanquished Creatures (others)
  A spatial maelstrom (D)
1 creature vanquished.

Grand Total: 9 creatures vanquished

Notes
Turn   | Place    | Note
-------+----------+-------------------------------------------
     0 | D        | emperorscorpion the Deep Elf Air Elementalist began the quest for the Orb.
     0 | D        | Reached XP level 1. HP: 10/10 MP: 6/6
     5 | D        | Banished a spatial maelstrom
     6 | D        | Reached skill level 4 in Air Magic
    45 | D        | Noticed a jelly
    45 | D        | Noticed an orc wizard
    45 | D        | Noticed an orc wizard
    49 | D        | Reached XP level 2. HP: 15/15 MP: 5/9
    50 | D        | Reached skill level 5 in Air Magic
    51 | D        | Reached skill level 5 in Spellcasting
    51 | D        | Reached skill level 6 in Air Magic
    51 | D        | Reached XP level 3. HP: 18/19 MP: 3/11
    54 | D        | Killed from afar by an orc wizard

Vault maps used:
D:        linesprint

Skill      XL: |  1  2 |
---------------+-------+-----
Dodging        | 3 4 |  4.1
Air Magic      | 4 6 |  6.0
Stealth        | 3 |  3.5
Spellcasting   | 4 5 |  5.2
Conjurations   | |  1.5

Action                   || total
-------------------------++-------
Melee: Dagger            ||     1
 Cast: Shock             ||     8
  Use: Potion            ||     2
Armor: Robe              ||     1
Dodge: Dodged            ||     5

Table legend:
 A = Spawn XP
 B = Non-spawn XP
 C = Spawn XP percentage of total XP
 D = Spawn monster count
 E = Non-spawn monster count
 F = Spawn count percentage of total count
 G = Total turns spent on level
                    A         B        C        D         E        F      G
               +---------+---------+-------+---------+---------+-------+---------
         Total |       0 |      77 |   0.0 |       0 |       8 |   0.0 |    54
               +---------+---------+-------+---------+---------+-------+---------
             D |       0 |      77 |   0.0 |       0 |       8 |   0.0 |    54
               +---------+---------+-------+---------+---------+-------+---------
